[ AOE2 MATCH · #487245963 ]
UnrankedWei vs Mongols
[ REPLAY ANALYSIS · EXTRACTED FROM THE RECORDED GAME ]
Feudal
8:40
Castle
23:31
Imperial
41:34
| APM avg | 36.3 |
| APM peak | 100 |
| eAPM avg | 17.2 |
| Villagers / military | 103 / 45 |
Focus
⚔️ 44.7% · 🌾 55.3%
Unknown (1952) ×55 · Archer ×45
Feudal
9:30
Castle
24:13
Imperial
—
| APM avg | 25.4 |
| APM peak | 72 |
| eAPM avg | 15.9 |
| Villagers / military | 128 / 71 |
Focus
⚔️ 28.8% · 🌾 71.2%
Cavalry Archer ×30 · Skirmisher ×27 · Scout Cavalry ×12 · Spearman ×2
Feudal
—
Castle
—
Imperial
—
| APM avg | 27.7 |
| APM peak | 60 |
| eAPM avg | 13.8 |
| Villagers / military | 119 / 222 |
Focus
⚔️ 24.9% · 🌾 75.1%
Scout Cavalry ×134 · Knight ×43 · Gbeto ×25 · Camel Scout ×17 · Monk ×3
Feudal
11:02
Castle
15:29
Imperial
34:08
| APM avg | 24.0 |
| APM peak | 40 |
| eAPM avg | 17.0 |
| Villagers / military | 134 / 53 |
Focus
⚔️ 25.4% · 🌾 74.6%
Ghulam ×17 · Skirmisher ×15 · Camel Scout ×5 · Mangonel ×4 · Scorpion ×4 · Monk ×3
Feudal
7:58
Castle
18:23
Imperial
34:26
| APM avg | 38.6 |
| APM peak | 84 |
| eAPM avg | 18.9 |
| Villagers / military | 115 / 143 |
Focus
⚔️ 35.5% · 🌾 64.5%
Cavalry Archer ×130 · Trebuchet (Packed) ×6 · Mangonel ×4 · Scout Cavalry ×2 · Archer ×1
Feudal
8:47
Castle
16:01
Imperial
34:07
| APM avg | 22.5 |
| APM peak | 52 |
| eAPM avg | 12.5 |
| Villagers / military | 105 / 181 |
Focus
⚔️ 39.7% · 🌾 60.3%
Skirmisher ×124 · Scout Cavalry ×28 · Camel Scout ×26 · Trebuchet (Packed) ×3
Feudal
9:02
Castle
19:48
Imperial
39:51
| APM avg | 47.1 |
| APM peak | 175 |
| eAPM avg | 28.7 |
| Villagers / military | 88 / 229 |
Focus
⚔️ 71.8% · 🌾 28.2%
Camel Scout ×145 · Gbeto ×50 · Scout Cavalry ×26 · Monk ×7 · Spearman ×1
Feudal
8:35
Castle
18:42
Imperial
—
| APM avg | 24.1 |
| APM peak | 62 |
| eAPM avg | 14.5 |
| Villagers / military | 128 / 110 |
Focus
⚔️ 30.1% · 🌾 69.9%
Camel Scout ×64 · Mangudai ×28 · Spearman ×6 · Monk ×4 · Scout Cavalry ×4 · Steppe Lancer ×4
Match map
Initial resources + every placement click. Lines = walls · curves = elevation contours. ◆ gold · ⬟ stone · ● berries · ✦ relic · ◌ wall gap
Your base· Open — unwalled flank
FruitCakeS's base· ✓ Closed at 24:13 · 42t walls · 3 gate(s)
Swizhfish26's base· Open — unwalled flank
溪超没有溪's base· ✓ Closed at 15:29 · 61t walls · 1 gate(s)
543880365's base· ✓ Closed at 18:23 · 70t walls · 1 gate(s)
鋼彈盪單槓's base· ✓ Closed at 16:01 · 46t walls · 6 gate(s)
Dadagama's base· Open — 4t gap
Arakkal Abu's base· Open — 4t gap
Smoothed initial terrain · ◌ = detected wall gap · hover for details
Inputs per minute
— Silver - - FruitCakeS
Build order — Silver
First 150 of 352 actions detected
| 0:01 | Create | Villager (Male) |
| 0:01 | Create | Villager (Male) |
| 0:02 | Create | Villager (Male) |
| 0:02 | Create | Villager (Male) |
| 0:05 | Research | Loom |
| 0:06 | Create | Villager (Male) |
| 0:07 | Build | House |
| 0:10 | Build | House |
| 0:23 | Create | Villager (Male) |
| 0:23 | Create | Villager (Male) |
| 0:24 | Create | Villager (Male) |
| 1:03 | Build | Lumber Camp |
| 1:19 | Create | Villager (Male) |
| 1:38 | Create | Villager (Male) |
| 1:39 | Create | Villager (Male) |
| 2:37 | Create | Villager (Male) |
| 2:50 | Create | Villager (Male) |
| 3:07 | Build | House |
| 3:36 | Build | House |
| 3:52 | Create | Villager (Male) |
| 4:10 | Create | Villager (Male) |
| 4:11 | Create | Villager (Male) |
| 4:23 | Build | Mining Camp |
| 4:24 | Create | Villager (Male) |
| 4:35 | Create | Villager (Male) |
| 5:35 | Create | Villager (Male) |
| 5:45 | Create | Villager (Male) |
| 6:30 | Research | Feudal Age |
| 7:09 | Build | Barracks |
| 7:32 | Build | House |
| 7:34 | Build | Palisade Wall |
| 7:34 | Build | Palisade Wall |
| 7:40 | Build | Palisade Wall |
| 7:41 | Build | Palisade Wall |
| 7:41 | Build | Palisade Wall |
| 7:42 | Build | Palisade Wall |
| 7:42 | Build | Palisade Wall |
| 7:43 | Build | Palisade Wall |
| 8:40 | Age | Feudal Age |
| 8:42 | Build | Archery Range |
| 8:42 | Create | Villager (Male) |
| 8:51 | Build | Palisade Wall |
| 9:29 | Create | Villager (Male) |
| 9:30 | Create | Villager (Male) |
| 9:31 | Create | Villager (Male) |
| 9:37 | Create | Archer |
| 9:40 | Create | Archer |
| 9:40 | Create | Villager (Male) |
| 9:50 | Build | Archery Range |
| 10:03 | Build | House |
| 10:04 | Create | Villager (Male) |
| 10:27 | Build | Blacksmith |
| 10:31 | Create | Villager (Male) |
| 10:36 | Create | Archer |
| 10:45 | Create | Archer |
| 10:47 | Create | Archer |
| 10:48 | Create | Villager (Male) |
| 11:05 | Research | Double-Bit Axe |
| 11:05 | Research | Double-Bit Axe |
| 11:09 | Create | Archer |
| 11:11 | Create | Villager (Male) |
| 11:40 | Build | House |
| 11:43 | Research | Fletching |
| 11:43 | Research | Fletching |
| 11:58 | Create | Villager (Male) |
| 11:58 | Create | Villager (Male) |
| 12:01 | Build | House |
| 12:02 | Create | Archer |
| 12:12 | Create | Archer |
| 12:12 | Create | Archer |
| 12:28 | Build | Palisade Gate |
| 12:33 | Create | Villager (Male) |
| 12:38 | Build | House |
| 12:42 | Create | Villager (Male) |
| 12:44 | Create | Archer |
| 12:44 | Create | Archer |
| 13:13 | Build | House |
| 13:14 | Build | Palisade Wall |
| 13:16 | Build | Palisade Wall |
| 13:16 | Build | Palisade Wall |
| 13:17 | Build | Palisade Wall |
| 13:25 | Create | Villager (Male) |
| 13:40 | Create | Villager (Male) |
| 13:40 | Create | Villager (Male) |
| 13:51 | Create | Archer |
| 13:51 | Create | Archer |
| 14:44 | Create | Villager (Male) |
| 15:06 | Build | Palisade Wall |
| 15:21 | Create | Villager (Male) |
| 15:29 | Build | Mill |
| 15:32 | Create | Villager (Male) |
| 15:48 | Create | Archer |
| 15:49 | Create | Archer |
| 15:49 | Create | Archer |
| 15:51 | Create | Archer |
| 16:00 | Build | Farm |
| 16:00 | Build | Farm |
| 16:02 | Build | Farm |
| 16:04 | Build | Farm |
| 16:08 | Build | Farm |
| 16:10 | Build | Farm |
| 16:18 | Create | Archer |
| 16:20 | Create | Archer |
| 16:38 | Create | Villager (Male) |
| 16:53 | Create | Archer |
| 16:59 | Build | House |
| 17:00 | Build | House |
| 17:01 | Build | House |
| 17:03 | Build | House |
| 17:12 | Create | Villager (Male) |
| 17:14 | Create | Villager (Male) |
| 17:21 | Create | Villager (Male) |
| 17:33 | Build | Farm |
| 17:35 | Build | Farm |
| 17:41 | Create | Archer |
| 17:41 | Create | Archer |
| 18:13 | Create | Archer |
| 18:14 | Create | Archer |
| 18:15 | Create | Villager (Male) |
| 18:15 | Create | Villager (Male) |
| 18:39 | Create | Archer |
| 18:40 | Create | Archer |
| 19:11 | Create | Archer |
| 19:49 | Create | Archer |
| 19:49 | Create | Archer |
| 19:50 | Create | Archer |
| 19:59 | Build | Palisade Gate |
| 20:01 | Create | Villager (Male) |
| 20:08 | Build | Farm |
| 20:11 | Build | Farm |
| 20:13 | Build | Farm |
| 20:17 | Create | Archer |
| 20:19 | Create | Villager (Male) |
| 20:29 | Build | Palisade Gate |
| 20:33 | Build | Palisade Wall |
| 20:50 | Research | Castle Age |
| 20:56 | Build | Palisade Wall |
| 21:01 | Build | Lumber Camp |
| 21:15 | Build | House |
| 21:41 | Create | Archer |
| 21:41 | Create | Archer |
| 21:41 | Create | Archer |
| 22:08 | Build | House |
| 22:10 | Build | House |
| 22:38 | Create | Villager (Male) |
| 22:40 | Create | Archer |
| 22:40 | Create | Archer |
| 22:50 | Build | Farm |
| 22:51 | Build | Farm |
| 22:54 | Build | Farm |
Build order — FruitCakeS
First 150 of 313 actions detected
| 0:01 | Create | Villager (Male) |
| 0:01 | Create | Villager (Male) |
| 0:04 | Build | House |
| 0:07 | Build | House |
| 0:13 | Research | Loom |
| 0:14 | Research | Loom |
| 0:31 | Create | Villager (Male) |
| 0:32 | Create | Villager (Male) |
| 0:41 | Create | Villager (Male) |
| 1:24 | Create | Villager (Male) |
| 1:24 | Create | Villager (Male) |
| 1:47 | Build | Lumber Camp |
| 1:50 | Create | Villager (Male) |
| 2:28 | Build | House |
| 2:39 | Create | Villager (Male) |
| 2:56 | Create | Villager (Male) |
| 2:56 | Create | Villager (Male) |
| 3:54 | Build | Mill |
| 4:03 | Create | Villager (Male) |
| 4:22 | Create | Villager (Male) |
| 4:40 | Build | House |
| 4:42 | Create | Villager (Male) |
| 4:48 | Create | Villager (Male) |
| 5:16 | Create | Villager (Male) |
| 5:27 | Create | Villager (Male) |
| 5:40 | Create | Villager (Male) |
| 6:05 | Create | Villager (Male) |
| 6:31 | Create | Villager (Male) |
| 6:42 | Create | Villager (Male) |
| 6:59 | Create | Villager (Male) |
| 7:14 | Research | Feudal Age |
| 7:25 | Build | Barracks |
| 7:46 | Build | House |
| 7:49 | Build | House |
| 8:02 | Build | Palisade Wall |
| 8:09 | Build | Palisade Wall |
| 8:15 | Create | Villager (Male) |
| 8:39 | Build | House |
| 8:41 | Build | Palisade Wall |
| 9:30 | Age | Feudal Age |
| 9:35 | Build | Stable |
| 9:52 | Build | Palisade Wall |
| 10:05 | Build | House |
| 10:20 | Build | Palisade Wall |
| 10:25 | Create | Villager (Male) |
| 10:25 | Create | Villager (Male) |
| 10:33 | Build | Stable |
| 10:35 | Create | Scout Cavalry |
| 10:36 | Create | Scout Cavalry |
| 10:57 | Create | Villager (Male) |
| 10:57 | Create | Villager (Male) |
| 11:12 | Build | Lumber Camp |
| 11:29 | Create | Scout Cavalry |
| 11:31 | Create | Scout Cavalry |
| 11:35 | Create | Villager (Male) |
| 11:52 | Build | Palisade Wall |
| 12:15 | Build | Palisade Gate |
| 12:17 | Build | Blacksmith |
| 12:25 | Create | Scout Cavalry |
| 12:25 | Create | Scout Cavalry |
| 12:25 | Create | Scout Cavalry |
| 12:28 | Create | Villager (Male) |
| 12:28 | Create | Villager (Male) |
| 12:35 | Build | Mill |
| 12:40 | Create | Villager (Male) |
| 12:40 | Create | Villager (Male) |
| 12:48 | Build | Mining Camp |
| 12:50 | Create | Villager (Male) |
| 12:53 | Create | Scout Cavalry |
| 13:02 | Research | Forging |
| 13:09 | Build | House |
| 13:11 | Build | House |
| 13:15 | Build | Palisade Wall |
| 13:22 | Create | Scout Cavalry |
| 13:22 | Create | Scout Cavalry |
| 13:48 | Build | Farm |
| 13:50 | Build | Farm |
| 13:52 | Build | Farm |
| 13:52 | Build | Farm |
| 13:54 | Research | Double-Bit Axe |
| 14:16 | Create | Villager (Male) |
| 15:03 | Create | Scout Cavalry |
| 15:03 | Create | Scout Cavalry |
| 15:08 | Create | Spearman |
| 15:08 | Create | Spearman |
| 15:50 | Create | Villager (Male) |
| 16:09 | Build | House |
| 16:37 | Build | Archery Range |
| 16:49 | Create | Villager (Male) |
| 16:50 | Create | Villager (Male) |
| 17:05 | Build | Market |
| 17:16 | Create | Villager (Male) |
| 17:29 | Create | Skirmisher |
| 17:29 | Create | Skirmisher |
| 17:41 | Build | Palisade Gate |
| 17:45 | Build | Palisade Gate |
| 17:53 | Create | Skirmisher |
| 19:01 | Create | Skirmisher |
| 19:03 | Create | Villager (Male) |
| 19:03 | Create | Villager (Male) |
| 19:04 | Create | Villager (Male) |
| 19:17 | Build | House |
| 19:50 | Create | Villager (Male) |
| 19:57 | Research | Horse Collar |
| 20:05 | Create | Villager (Male) |
| 20:13 | Build | Farm |
| 20:21 | Build | Farm |
| 20:33 | Build | Farm |
| 20:44 | Build | Farm |
| 20:56 | Build | Farm |
| 21:04 | Create | Villager (Male) |
| 21:05 | Create | Villager (Male) |
| 21:32 | Research | Castle Age |
| 21:34 | Create | Villager (Male) |
| 22:17 | Research | Fletching |
| 22:17 | Research | Padded Archer Armor |
| 23:01 | Build | Mining Camp |
| 23:14 | Create | Villager (Male) |
| 23:19 | Research | Bloodlines |
| 23:25 | Build | Archery Range |
| 24:13 | Age | Castle Age |
| 24:16 | Build | Town Center |
| 24:22 | Create | Cavalry Archer |
| 24:22 | Create | Cavalry Archer |
| 24:27 | Create | Villager (Male) |
| 24:42 | Build | Farm |
| 24:43 | Build | Farm |
| 24:44 | Build | Farm |
| 24:49 | Research | Bow Saw |
| 24:54 | Create | Cavalry Archer |
| 25:05 | Create | Cavalry Archer |
| 25:27 | Create | Cavalry Archer |
| 25:27 | Create | Cavalry Archer |
| 26:15 | Create | Skirmisher |
| 26:16 | Create | Skirmisher |
| 26:18 | Create | Skirmisher |
| 26:19 | Create | Skirmisher |
| 26:19 | Create | Skirmisher |
| 28:02 | Create | Villager (Male) |
| 28:02 | Create | Villager (Male) |
| 28:03 | Create | Villager (Male) |
| 28:03 | Create | Villager (Male) |
| 28:04 | Create | Villager (Male) |
| 28:04 | Create | Villager (Male) |
| 30:23 | Create | Villager (Male) |
| 30:25 | Create | Villager (Male) |
| 30:54 | Create | Villager (Male) |
| 30:54 | Create | Villager (Male) |
| 31:20 | Create | Villager (Male) |
| 31:23 | Create | Villager (Male) |
Build order — Swizhfish26
First 150 of 389 actions detected
| 0:03 | Research | Loom |
| 0:05 | Build | House |
| 0:08 | Build | House |
| 0:12 | Create | Villager (Male) |
| 0:12 | Create | Villager (Male) |
| 0:12 | Create | Villager (Male) |
| 0:13 | Create | Villager (Male) |
| 0:13 | Create | Villager (Male) |
| 1:27 | Create | Villager (Male) |
| 1:37 | Build | Lumber Camp |
| 1:48 | Create | Villager (Male) |
| 2:00 | Build | House |
| 2:24 | Create | Villager (Male) |
| 2:25 | Create | Villager (Male) |
| 2:25 | Create | Villager (Male) |
| 3:07 | Create | Villager (Male) |
| 3:14 | Build | House |
| 3:58 | Create | Villager (Male) |
| 3:59 | Create | Villager (Male) |
| 3:59 | Create | Villager (Male) |
| 4:22 | Build | Mill |
| 4:37 | Create | Villager (Male) |
| 5:10 | Create | Villager (Male) |
| 5:57 | Create | Villager (Male) |
| 5:58 | Create | Villager (Male) |
| 6:15 | Research | Feudal Age |
| 6:35 | Build | Barracks |
| 6:36 | Build | House |
| 7:07 | Create | Villager (Male) |
| 7:27 | Build | House |
| 8:02 | Build | Mill |
| 8:33 | Create | Villager (Male) |
| 8:33 | Create | Villager (Male) |
| 8:37 | Build | Stable |
| 8:42 | Research | Double-Bit Axe |
| 8:55 | Create | Villager (Male) |
| 9:30 | Build | House |
| 9:41 | Research | Horse Collar |
| 9:42 | Create | Villager (Male) |
| 9:46 | Create | Scout Cavalry ×2 |
| 9:49 | Create | Villager (Male) |
| 9:56 | Build | Farm |
| 10:10 | Create | Villager (Male) |
| 10:18 | Build | Farm |
| 10:20 | Build | Farm |
| 10:24 | Build | Farm |
| 10:37 | Create | Scout Cavalry |
| 10:43 | Build | Farm |
| 10:57 | Build | Farm |
| 11:05 | Build | Farm |
| 11:07 | Create | Villager (Male) |
| 11:19 | Create | Scout Cavalry |
| 11:37 | Create | Scout Cavalry |
| 11:42 | Create | Villager (Male) |
| 11:47 | Build | Farm |
| 11:51 | Build | Farm |
| 11:57 | Build | House |
| 12:09 | Create | Scout Cavalry |
| 12:24 | Create | Villager (Male) |
| 12:25 | Create | Villager (Male) |
| 12:26 | Create | Villager (Male) |
| 12:35 | Build | Farm |
| 12:36 | Build | Farm |
| 12:37 | Build | Farm |
| 12:38 | Build | Farm |
| 12:39 | Build | Farm |
| 12:39 | Build | Farm |
| 12:40 | Build | Farm |
| 12:40 | Build | Farm |
| 12:40 | Build | Farm |
| 12:41 | Build | Farm |
| 12:41 | Build | Farm |
| 12:41 | Build | Farm |
| 12:42 | Build | Farm |
| 12:42 | Build | Farm |
| 12:43 | Build | Farm |
| 12:43 | Build | Farm |
| 12:43 | Build | Farm |
| 12:44 | Build | Farm |
| 12:44 | Build | Farm |
| 12:44 | Build | Farm |
| 12:45 | Build | Farm |
| 12:45 | Build | Farm |
| 12:45 | Build | Farm |
| 12:52 | Build | House |
| 12:53 | Create | Villager (Male) |
| 13:25 | Create | Villager (Male) |
| 13:28 | Build | Farm |
| 13:29 | Create | Scout Cavalry |
| 13:50 | Build | Lumber Camp |
| 13:51 | Create | Villager (Male) |
| 14:12 | Create | Villager (Male) |
| 14:22 | Build | Farm |
| 14:43 | Create | Scout Cavalry |
| 14:49 | Build | Mining Camp |
| 14:55 | Build | Farm |
| 14:59 | Build | Farm |
| 15:00 | Create | Villager (Male) |
| 15:25 | Build | Palisade Wall |
| 15:28 | Build | House |
| 15:33 | Create | Villager (Male) |
| 15:54 | Create | Villager (Male) |
| 15:55 | Create | Villager (Male) |
| 16:14 | Create | Villager (Male) |
| 16:19 | Build | Blacksmith |
| 16:20 | Build | House |
| 16:22 | Build | House |
| 17:01 | Build | House |
| 17:30 | Research | Castle Age |
| 17:39 | Create | Scout Cavalry ×5 |
| 17:47 | Build | Stable |
| 17:51 | Build | House |
| 17:54 | Research | Forging |
| 17:57 | Research | Scale Barding Armor |
| 18:12 | Research | Gold Mining |
| 18:44 | Create | Villager (Male) |
| 18:45 | Create | Villager (Male) |
| 18:45 | Create | Villager (Male) |
| 18:56 | Build | Farm |
| 19:08 | Research | Bloodlines |
| 19:14 | Create | Scout Cavalry |
| 19:14 | Create | Scout Cavalry |
| 19:31 | Build | Farm |
| 19:31 | Build | Farm |
| 19:32 | Build | Farm |
| 19:49 | Build | Palisade Wall |
| 20:14 | Research | Wheelbarrow |
| 20:18 | Research | Bow Saw |
| 20:22 | Research | Heavy Plow |
| 20:23 | Research | Heavy Plow |
| 20:54 | Build | Town Center |
| 20:59 | Create | Villager (Male) |
| 21:04 | Create | Villager (Male) |
| 21:36 | Create | Scout Cavalry |
| 21:36 | Create | Scout Cavalry |
| 21:39 | Research | Forging |
| 21:45 | Create | Villager (Male) |
| 21:46 | Create | Villager (Male) |
| 21:46 | Create | Villager (Male) |
| 21:53 | Build | Town Center |
| 21:58 | Build | Monastery |
| 22:18 | Create | Villager (Male) |
| 22:19 | Create | Villager (Male) |
| 22:19 | Create | Villager (Male) |
| 22:35 | Create | Villager (Male) |
| 22:35 | Create | Villager (Male) |
| 22:36 | Create | Villager (Male) |
| 22:36 | Create | Villager (Male) |
| 22:37 | Create | Villager (Male) |
| 22:50 | Create | Villager (Male) |
Build order — 溪超没有溪
First 150 of 373 actions detected
| 0:04 | Create | Villager (Male) |
| 0:04 | Create | Villager (Male) |
| 0:05 | Create | Villager (Male) |
| 0:06 | Build | House |
| 0:09 | Build | House |
| 0:11 | Build | House |
| 0:33 | Create | Villager (Male) |
| 1:17 | Create | Villager (Male) |
| 1:41 | Create | Villager (Male) |
| 1:42 | Create | Villager (Male) |
| 1:59 | Build | Lumber Camp |
| 2:15 | Create | Villager (Male) |
| 2:58 | Create | Villager (Male) |
| 2:59 | Create | Villager (Male) |
| 4:06 | Build | House |
| 4:42 | Create | Villager (Male) |
| 4:42 | Create | Villager (Male) |
| 5:11 | Build | Mill |
| 5:31 | Create | Villager (Male) |
| 5:33 | Create | Villager (Male) |
| 5:49 | Build | Palisade Wall |
| 5:55 | Create | Villager (Male) |
| 6:03 | Build | House |
| 6:05 | Build | Palisade Wall |
| 6:12 | Create | Villager (Male) |
| 6:42 | Build | Palisade Wall |
| 6:45 | Build | Palisade Wall |
| 6:48 | Create | Villager (Male) |
| 6:53 | Create | Villager (Male) |
| 7:15 | Create | Villager (Male) |
| 7:23 | Build | Mill |
| 7:29 | Build | House |
| 7:50 | Create | Villager (Male) |
| 8:26 | Research | Feudal Age |
| 8:35 | Build | House |
| 9:26 | Build | Palisade Wall |
| 9:31 | Build | Palisade Wall |
| 9:36 | Build | Palisade Wall |
| 9:56 | Build | Palisade Wall |
| 10:14 | Build | House |
| 11:02 | Age | Feudal Age |
| 11:07 | Build | Palisade Gate |
| 11:20 | Create | Villager (Male) |
| 11:21 | Create | Villager (Male) |
| 11:35 | Build | Market |
| 11:39 | Build | Blacksmith |
| 12:00 | Research | Double-Bit Axe |
| 12:24 | Create | Villager (Male) |
| 12:40 | Research | Castle Age |
| 12:41 | Research | Castle Age |
| 12:57 | Build | House |
| 12:59 | Build | House |
| 13:08 | Build | Palisade Wall |
| 13:16 | Build | House |
| 13:19 | Build | House |
| 13:40 | Research | Horse Collar |
| 13:51 | Build | House |
| 14:25 | Build | House |
| 14:29 | Build | House |
| 14:30 | Build | House |
| 14:58 | Build | Palisade Wall |
| 15:16 | Build | Farm |
| 15:17 | Build | Farm |
| 15:26 | Create | Villager (Male) |
| 15:28 | Create | Villager (Male) |
| 15:29 | Age | Castle Age |
| 16:08 | Research | Loom |
| 16:26 | Create | Villager (Male) |
| 16:46 | Build | Town Center |
| 16:54 | Build | Palisade Wall |
| 16:55 | Build | Palisade Wall |
| 16:57 | Build | Palisade Wall |
| 16:59 | Build | Palisade Wall |
| 17:01 | Build | Palisade Wall |
| 17:21 | Create | Villager (Male) |
| 17:27 | Build | House |
| 17:29 | Build | House |
| 17:55 | Build | Barracks |
| 18:01 | Build | Mining Camp |
| 18:03 | Create | Villager (Male) |
| 18:03 | Create | Villager (Male) |
| 18:11 | Build | House |
| 18:16 | Build | House |
| 18:34 | Build | House |
| 18:45 | Research | Wheelbarrow |
| 18:56 | Create | Villager (Male) |
| 19:01 | Create | Villager (Male) |
| 19:30 | Create | Villager (Male) |
| 19:30 | Create | Villager (Male) |
| 19:30 | Create | Villager (Male) |
| 20:01 | Create | Villager (Male) |
| 20:20 | Create | Villager (Male) |
| 20:21 | Build | Farm |
| 20:22 | Build | Farm |
| 20:25 | Build | Farm |
| 20:30 | Create | Spearman |
| 20:38 | Create | Villager (Male) |
| 21:22 | Build | Farm |
| 21:24 | Build | Farm |
| 21:28 | Build | Stable |
| 21:30 | Build | Stable |
| 21:38 | Build | House |
| 21:42 | Build | House |
| 21:46 | Build | House |
| 21:52 | Build | Stone Wall |
| 21:54 | Create | Villager (Male) |
| 21:55 | Create | Villager (Male) |
| 21:58 | Build | Mining Camp |
| 22:07 | Build | House |
| 22:09 | Create | Villager (Male) |
| 22:15 | Create | Villager (Male) |
| 22:27 | Create | Villager (Male) |
| 22:32 | Build | Farm |
| 22:38 | Create | Villager (Male) |
| 22:39 | Create | Villager (Male) |
| 22:47 | Build | Monastery |
| 22:54 | Create | Villager (Male) |
| 22:56 | Build | Farm |
| 22:59 | Build | Farm |
| 23:04 | Build | Farm |
| 23:23 | Create | Camel Scout |
| 23:26 | Create | Camel Scout |
| 23:30 | Build | Farm |
| 23:52 | Build | Stable |
| 23:55 | Create | Villager (Male) |
| 23:57 | Create | Monk |
| 23:59 | Create | Villager (Male) |
| 24:00 | Create | Villager (Male) |
| 24:05 | Build | Farm |
| 24:07 | Build | Farm |
| 24:08 | Build | Farm |
| 24:15 | Create | Camel Scout |
| 24:21 | Create | Villager (Male) |
| 24:31 | Build | House |
| 24:32 | Build | House |
| 24:34 | Create | Villager (Male) |
| 24:40 | Create | Villager (Male) |
| 24:43 | Build | Farm |
| 24:45 | Build | Farm |
| 24:47 | Build | Farm |
| 24:48 | Build | Farm |
| 24:50 | Create | Villager (Male) |
| 24:54 | Create | Camel Scout |
| 24:57 | Research | Scale Barding Armor |
| 25:02 | Create | Villager (Male) |
| 25:25 | Create | Camel Scout |
| 25:38 | Build | Stone Wall |
| 25:42 | Build | Siege Workshop |
| 25:47 | Create | Villager (Male) |
| 25:48 | Create | Villager (Male) |
Build order — 543880365
First 150 of 412 actions detected
| 0:01 | Create | Villager (Male) |
| 0:01 | Create | Villager (Male) |
| 0:03 | Build | House |
| 0:06 | Build | House |
| 0:39 | Create | Villager (Male) |
| 0:40 | Create | Villager (Male) |
| 0:40 | Create | Villager (Male) |
| 0:55 | Build | Lumber Camp |
| 1:11 | Create | Villager (Male) |
| 1:38 | Create | Villager (Male) |
| 1:38 | Create | Villager (Male) |
| 2:15 | Create | Villager (Male) |
| 2:42 | Create | Villager (Male) |
| 2:56 | Build | House |
| 3:12 | Create | Villager (Male) |
| 3:29 | Build | Mill |
| 3:55 | Create | Villager (Male) |
| 3:56 | Create | Villager (Male) |
| 3:56 | Create | Villager (Male) |
| 4:07 | Create | Villager (Male) |
| 4:21 | Create | Villager (Male) |
| 4:40 | Research | Loom |
| 4:45 | Create | Villager (Male) |
| 4:45 | Create | Villager (Male) |
| 4:48 | Research | Loom |
| 5:48 | Research | Feudal Age |
| 5:58 | Build | Lumber Camp |
| 6:08 | Build | House |
| 7:25 | Build | Barracks |
| 7:36 | Create | Villager (Male) |
| 7:58 | Age | Feudal Age |
| 7:59 | Research | Double-Bit Axe |
| 8:00 | Research | Double-Bit Axe |
| 8:03 | Research | Horse Collar |
| 8:22 | Build | Stable |
| 8:24 | Create | Villager (Male) |
| 8:28 | Build | Palisade Wall |
| 8:32 | Create | Villager (Male) |
| 8:40 | Build | Palisade Wall |
| 8:42 | Create | Villager (Male) |
| 8:46 | Build | Farm |
| 8:49 | Build | Farm |
| 8:52 | Build | Farm |
| 9:02 | Build | Palisade Wall |
| 9:04 | Create | Villager (Male) |
| 9:06 | Build | Farm |
| 9:15 | Build | Palisade Wall |
| 9:16 | Create | Villager (Male) |
| 9:24 | Build | Mining Camp |
| 9:31 | Create | Villager (Male) |
| 9:39 | Build | Palisade Wall |
| 9:49 | Build | Palisade Wall |
| 9:50 | Create | Villager (Male) |
| 9:56 | Create | Villager (Male) |
| 10:08 | Create | Scout Cavalry |
| 10:13 | Research | Wheelbarrow |
| 10:22 | Build | House |
| 10:53 | Build | Farm |
| 10:56 | Build | Farm |
| 10:58 | Create | Villager (Male) |
| 11:07 | Build | Palisade Wall |
| 11:23 | Create | Villager (Male) |
| 11:23 | Create | Villager (Male) |
| 11:29 | Build | House |
| 11:30 | Build | House |
| 11:33 | Build | Palisade Wall |
| 12:01 | Build | Palisade Wall |
| 12:13 | Create | Villager (Male) |
| 12:32 | Create | Scout Cavalry |
| 12:33 | Create | Villager (Male) |
| 12:53 | Build | House |
| 12:56 | Build | Palisade Wall |
| 12:58 | Create | Villager (Male) |
| 13:06 | Build | Market |
| 13:15 | Build | Palisade Gate |
| 13:16 | Create | Villager (Male) |
| 13:21 | Build | Farm |
| 13:26 | Build | Farm |
| 14:01 | Research | Gold Mining |
| 14:01 | Create | Villager (Male) |
| 14:23 | Build | House |
| 14:28 | Create | Villager (Male) |
| 14:29 | Create | Villager (Male) |
| 14:44 | Build | Farm |
| 14:51 | Build | Farm |
| 14:59 | Create | Villager (Male) |
| 15:40 | Research | Castle Age |
| 15:40 | Research | Castle Age |
| 15:45 | Build | Archery Range |
| 15:46 | Build | Archery Range |
| 15:52 | Build | Archery Range |
| 16:43 | Build | Blacksmith |
| 17:12 | Build | Mill |
| 17:19 | Research | Bloodlines |
| 17:28 | Research | Fletching |
| 17:28 | Research | Padded Archer Armor |
| 17:29 | Research | Padded Archer Armor |
| 17:40 | Build | House |
| 17:40 | Build | House |
| 17:41 | Build | House |
| 17:59 | Build | Lumber Camp |
| 18:01 | Build | Lumber Camp |
| 18:03 | Create | Villager (Male) |
| 18:23 | Age | Castle Age |
| 18:25 | Create | Cavalry Archer |
| 18:25 | Create | Cavalry Archer |
| 18:39 | Research | Bodkin Arrow |
| 18:42 | Research | Husbandry |
| 18:43 | Create | Villager (Male) |
| 18:53 | Create | Cavalry Archer |
| 19:20 | Create | Cavalry Archer |
| 19:20 | Create | Cavalry Archer |
| 19:22 | Create | Villager (Male) |
| 19:22 | Create | Villager (Male) |
| 19:26 | Research | Bow Saw |
| 19:26 | Research | Bow Saw |
| 19:54 | Create | Cavalry Archer |
| 19:54 | Create | Cavalry Archer |
| 19:57 | Create | Villager (Male) |
| 20:01 | Research | Heavy Plow |
| 20:12 | Create | Cavalry Archer |
| 20:13 | Create | Villager (Male) |
| 20:17 | Build | University |
| 20:31 | Create | Cavalry Archer |
| 20:32 | Create | Villager (Male) |
| 20:33 | Create | Villager (Male) |
| 20:53 | Create | Cavalry Archer |
| 21:10 | Create | Cavalry Archer |
| 21:14 | Research | Leather Archer Armor |
| 21:15 | Research | Leather Archer Armor |
| 21:26 | Create | Cavalry Archer |
| 21:27 | Create | Villager (Male) |
| 22:07 | Create | Archer |
| 22:12 | Build | Town Center |
| 22:19 | Create | Cavalry Archer |
| 22:19 | Create | Cavalry Archer |
| 22:22 | Create | Villager (Male) |
| 22:23 | Create | Villager (Male) |
| 22:23 | Create | Villager (Male) |
| 22:23 | Create | Villager (Male) |
| 22:23 | Create | Villager (Male) |
| 22:23 | Create | Villager (Male) |
| 22:27 | Build | Farm |
| 23:05 | Create | Villager (Male) |
| 23:09 | Create | Cavalry Archer |
| 23:09 | Create | Cavalry Archer |
| 23:13 | Research | Ballistics |
| 23:13 | Research | Ballistics |
| 23:19 | Build | House |
| 23:20 | Build | House |
Build order — 鋼彈盪單槓
First 150 of 262 actions detected
| 0:05 | Create | Villager (Male) ×5 |
| 0:05 | Create | Villager (Male) ×5 |
| 0:14 | Build | House |
| 0:18 | Build | House |
| 1:42 | Create | Villager (Male) ×2 |
| 2:29 | Create | Villager (Male) |
| 2:54 | Build | Lumber Camp |
| 2:57 | Create | Villager (Male) ×2 |
| 3:06 | Build | House |
| 3:36 | Create | Villager (Male) |
| 3:57 | Build | Mill |
| 4:42 | Create | Villager (Male) |
| 4:42 | Create | Villager (Male) |
| 4:43 | Research | Loom |
| 5:01 | Build | Palisade Wall |
| 5:49 | Build | House |
| 6:17 | Build | House |
| 6:19 | Build | House |
| 6:43 | Research | Feudal Age |
| 7:18 | Build | Barracks |
| 8:40 | Build | Palisade Gate |
| 8:47 | Age | Feudal Age |
| 8:58 | Build | Stone Wall |
| 9:02 | Build | Gate |
| 9:17 | Build | Stone Wall |
| 9:18 | Build | Stone Wall |
| 9:22 | Build | Gate |
| 9:37 | Build | Market |
| 9:41 | Build | Stone Wall |
| 9:52 | Create | Villager (Male) |
| 9:52 | Create | Villager (Male) |
| 9:53 | Create | Villager (Male) |
| 9:53 | Create | Villager (Male) |
| 9:54 | Create | Villager (Male) |
| 10:40 | Build | Mining Camp |
| 11:01 | Build | Gate |
| 11:05 | Build | Stone Wall |
| 11:42 | Build | Blacksmith |
| 11:51 | Build | Stone Wall |
| 12:03 | Build | Mining Camp |
| 12:08 | Create | Villager (Male) |
| 12:08 | Create | Villager (Male) |
| 12:09 | Create | Villager (Male) |
| 12:46 | Build | House |
| 13:16 | Build | Gate |
| 13:36 | Research | Castle Age |
| 13:47 | Research | Double-Bit Axe |
| 14:12 | Build | Gate |
| 14:17 | Build | Stone Wall |
| 14:36 | Build | Farm |
| 14:37 | Build | Farm |
| 14:37 | Build | Farm |
| 14:37 | Build | Farm |
| 14:37 | Build | Farm |
| 14:39 | Build | Farm |
| 14:56 | Research | Horse Collar |
| 15:47 | Build | Stone Wall |
| 15:50 | Build | Stone Wall |
| 16:01 | Age | Castle Age |
| 16:02 | Create | Villager (Male) |
| 16:02 | Create | Villager (Male) |
| 16:10 | Build | Town Center |
| 16:28 | Build | Town Center |
| 16:39 | Create | Villager (Male) |
| 16:40 | Create | Villager (Male) |
| 17:03 | Build | Stone Wall |
| 17:11 | Build | Stone Wall |
| 17:12 | Build | Stone Wall |
| 17:24 | Create | Villager (Male) |
| 17:37 | Create | Villager (Male) |
| 17:37 | Create | Villager (Male) |
| 17:57 | Create | Villager (Male) |
| 17:57 | Create | Villager (Male) |
| 17:57 | Create | Villager (Male) |
| 18:14 | Build | Farm |
| 18:14 | Build | Farm |
| 18:15 | Build | Farm |
| 18:15 | Build | Farm |
| 18:15 | Build | Farm |
| 18:23 | Create | Villager (Male) |
| 18:24 | Create | Villager (Male) |
| 18:31 | Build | Farm |
| 18:33 | Build | Farm |
| 18:37 | Create | Villager (Male) |
| 18:37 | Create | Villager (Male) |
| 19:03 | Create | Villager (Male) ×2 |
| 19:03 | Create | Villager (Male) ×2 |
| 19:11 | Create | Villager (Male) |
| 19:12 | Create | Villager (Male) |
| 19:30 | Create | Villager (Male) ×2 |
| 19:30 | Create | Villager (Male) ×2 |
| 19:30 | Create | Villager (Male) |
| 19:41 | Create | Villager (Male) |
| 19:49 | Build | Farm |
| 19:50 | Build | Farm |
| 19:50 | Build | Farm |
| 19:50 | Build | Farm |
| 19:51 | Build | Farm |
| 19:51 | Build | Farm |
| 20:07 | Create | Villager (Male) ×3 |
| 20:14 | Build | House |
| 20:16 | Build | House |
| 20:19 | Build | House |
| 20:21 | Build | House |
| 20:22 | Build | House |
| 20:26 | Research | Town Watch |
| 20:26 | Create | Villager (Male) |
| 21:05 | Research | Wheelbarrow |
| 21:05 | Create | Villager (Male) |
| 21:30 | Create | Villager (Male) ×3 |
| 21:40 | Build | Stable |
| 21:41 | Build | Stable |
| 21:47 | Create | Villager (Male) |
| 21:57 | Create | Villager (Male) ×2 |
| 22:21 | Create | Villager (Male) |
| 22:22 | Create | Villager (Male) |
| 23:01 | Research | Bloodlines |
| 23:01 | Research | Husbandry |
| 23:52 | Create | Villager (Male) ×5 |
| 24:06 | Build | Castle |
| 24:29 | Create | Villager (Male) ×3 |
| 24:52 | Build | Mill |
| 24:55 | Build | Farm |
| 24:55 | Build | Farm |
| 24:55 | Build | Farm |
| 24:55 | Build | Farm |
| 24:55 | Build | Farm |
| 24:56 | Build | Farm |
| 24:56 | Build | Farm |
| 24:56 | Build | Farm |
| 24:56 | Build | Farm |
| 24:57 | Build | Farm |
| 24:57 | Build | Farm |
| 24:57 | Build | Farm |
| 24:58 | Build | Farm |
| 25:00 | Build | Farm |
| 25:02 | Build | Farm |
| 25:23 | Create | Camel Scout |
| 25:23 | Create | Camel Scout |
| 25:23 | Create | Camel Scout |
| 25:24 | Create | Camel Scout |
| 25:45 | Create | Villager (Male) ×3 |
| 26:12 | Build | Lumber Camp |
| 26:19 | Create | Villager (Male) ×4 |
| 26:35 | Create | Camel Scout |
| 26:35 | Create | Camel Scout |
| 26:35 | Create | Camel Scout |
| 26:43 | Research | Bow Saw |
| 27:23 | Build | Outpost |
| 27:31 | Create | Camel Scout ×5 |
Build order — Dadagama
First 150 of 293 actions detected
| 0:01 | Create | Villager (Male) |
| 0:01 | Create | Villager (Male) |
| 0:01 | Create | Villager (Male) |
| 0:03 | Build | House |
| 0:05 | Build | House |
| 0:11 | Research | Loom |
| 0:13 | Create | Villager (Male) ×4 |
| 1:14 | Build | Lumber Camp |
| 1:16 | Create | Villager (Male) |
| 1:16 | Create | Villager (Male) |
| 1:17 | Create | Villager (Male) |
| 1:52 | Create | Villager (Male) |
| 1:52 | Create | Villager (Male) |
| 2:26 | Create | Villager (Male) |
| 2:27 | Create | Villager (Male) |
| 2:27 | Create | Villager (Male) |
| 2:46 | Build | House |
| 3:11 | Build | House |
| 3:30 | Build | House |
| 3:32 | Create | Villager (Male) |
| 3:50 | Create | Villager (Male) |
| 3:50 | Create | Villager (Male) |
| 4:07 | Create | Villager (Male) |
| 4:07 | Create | Villager (Male) |
| 4:17 | Build | Mill |
| 4:21 | Build | House |
| 4:25 | Create | Villager (Male) |
| 5:16 | Create | Villager (Male) |
| 5:41 | Build | Barracks |
| 5:54 | Create | Villager (Male) |
| 6:14 | Build | Palisade Wall |
| 6:25 | Create | Villager (Male) |
| 6:47 | Research | Feudal Age |
| 7:07 | Build | Palisade Wall |
| 7:18 | Build | Palisade Wall |
| 7:23 | Build | Palisade Wall |
| 8:01 | Create | Villager (Male) |
| 8:01 | Create | Villager (Male) |
| 8:17 | Create | Villager (Male) |
| 8:28 | Build | House |
| 8:31 | Build | Palisade Wall |
| 8:31 | Build | Palisade Wall |
| 9:02 | Age | Feudal Age |
| 9:04 | Build | Stable |
| 9:07 | Create | Villager (Male) |
| 9:08 | Research | Double-Bit Axe |
| 9:35 | Build | Palisade Wall |
| 9:58 | Create | Scout Cavalry |
| 9:58 | Create | Scout Cavalry |
| 9:59 | Create | Scout Cavalry |
| 10:00 | Create | Scout Cavalry |
| 10:23 | Build | Palisade Wall |
| 10:24 | Create | Villager (Male) |
| 10:40 | Build | Mill |
| 10:43 | Build | House |
| 10:44 | Build | House |
| 10:47 | Create | Villager (Male) |
| 10:57 | Build | Blacksmith |
| 11:13 | Create | Villager (Male) |
| 11:29 | Build | Mining Camp |
| 11:33 | Create | Villager (Male) |
| 11:39 | Create | Scout Cavalry |
| 11:40 | Create | Villager (Male) |
| 11:56 | Build | Palisade Gate |
| 12:00 | Build | House |
| 12:25 | Create | Villager (Male) |
| 12:29 | Build | House |
| 12:30 | Build | House |
| 12:31 | Build | House |
| 12:39 | Build | Farm |
| 12:41 | Build | Farm |
| 12:46 | Create | Scout Cavalry |
| 12:53 | Build | Farm |
| 12:58 | Build | Farm |
| 13:00 | Build | Farm |
| 13:02 | Build | Farm |
| 13:04 | Build | Farm |
| 13:08 | Create | Villager (Male) |
| 13:10 | Create | Scout Cavalry |
| 13:32 | Build | House |
| 13:36 | Build | Palisade Wall |
| 13:39 | Create | Villager (Male) |
| 13:43 | Create | Villager (Male) |
| 13:47 | Create | Scout Cavalry |
| 13:53 | Build | Palisade Wall |
| 13:56 | Build | Palisade Wall |
| 14:06 | Build | Farm |
| 14:13 | Build | Farm |
| 14:15 | Build | Farm |
| 14:20 | Create | Villager (Male) |
| 14:24 | Build | House |
| 14:25 | Build | House |
| 14:29 | Research | Scale Barding Armor |
| 15:03 | Create | Villager (Male) |
| 15:03 | Create | Villager (Male) |
| 15:11 | Create | Villager (Male) |
| 15:11 | Create | Villager (Male) |
| 15:15 | Build | Farm |
| 15:18 | Build | Farm |
| 15:20 | Build | Farm |
| 16:25 | Build | Farm |
| 16:28 | Build | Farm |
| 16:36 | Create | Villager (Male) |
| 16:39 | Build | House |
| 16:40 | Build | House |
| 16:40 | Build | House |
| 17:07 | Build | Farm |
| 17:08 | Research | Castle Age |
| 17:54 | Research | Forging |
| 17:59 | Build | Palisade Wall |
| 18:07 | Create | Villager (Male) |
| 18:08 | Create | Villager (Male) |
| 18:08 | Create | Villager (Male) |
| 19:48 | Age | Castle Age |
| 20:00 | Create | Camel Scout |
| 20:00 | Create | Camel Scout |
| 20:01 | Create | Camel Scout |
| 20:01 | Create | Camel Scout |
| 20:08 | Build | Mining Camp |
| 20:09 | Research | Chain Barding Armor |
| 20:10 | Research | Chain Barding Armor |
| 20:10 | Research | Iron Casting |
| 20:15 | Build | Stable |
| 20:20 | Research | Bloodlines |
| 20:20 | Research | Husbandry |
| 20:23 | Create | Villager (Male) |
| 20:24 | Create | Villager (Male) |
| 21:28 | Create | Camel Scout ×5 |
| 21:31 | Create | Villager (Male) ×2 |
| 22:26 | Create | Villager (Male) ×4 |
| 22:29 | Build | Farm |
| 23:25 | Create | Villager (Male) |
| 23:25 | Create | Villager (Male) |
| 23:53 | Create | Camel Scout ×5 |
| 23:53 | Create | Camel Scout ×5 |
| 24:13 | Build | Town Center |
| 24:26 | Build | Market |
| 24:29 | Create | Scout Cavalry |
| 24:29 | Create | Scout Cavalry |
| 24:34 | Create | Villager (Male) ×3 |
| 25:11 | Create | Camel Scout ×2 |
| 25:11 | Create | Camel Scout ×2 |
| 25:33 | Create | Camel Scout ×2 |
| 25:38 | Build | Farm |
| 26:12 | Build | Castle |
| 26:16 | Build | Mining Camp |
| 26:18 | Create | Villager (Male) ×5 |
| 26:30 | Build | Farm |
| 26:32 | Build | Farm |
| 26:34 | Build | Farm |
Build order — Arakkal Abu
First 150 of 366 actions detected
| 0:05 | Build | House |
| 0:05 | Create | Villager (Male) ×4 |
| 0:09 | Research | Loom |
| 0:11 | Build | House |
| 0:23 | Create | Villager (Male) ×4 |
| 1:26 | Create | Villager (Male) |
| 1:43 | Create | Villager (Male) |
| 1:43 | Create | Villager (Male) |
| 2:10 | Create | Villager (Male) |
| 2:10 | Create | Villager (Male) |
| 2:16 | Create | Villager (Male) |
| 2:16 | Create | Villager (Male) |
| 2:26 | Build | Lumber Camp |
| 2:40 | Build | House |
| 2:42 | Create | Villager (Male) |
| 2:43 | Create | Villager (Male) |
| 3:33 | Create | Villager (Male) |
| 3:33 | Create | Villager (Male) |
| 3:33 | Create | Villager (Male) |
| 3:59 | Create | Villager (Male) |
| 3:59 | Create | Villager (Male) |
| 4:33 | Build | House |
| 4:37 | Create | Villager (Male) |
| 4:37 | Create | Villager (Male) |
| 5:17 | Build | Mill |
| 5:19 | Create | Villager (Male) |
| 6:12 | Research | Feudal Age |
| 7:01 | Build | Barracks |
| 7:17 | Build | House |
| 7:29 | Create | Villager (Male) |
| 7:30 | Create | Villager (Male) |
| 8:31 | Build | Mining Camp |
| 8:35 | Age | Feudal Age |
| 8:47 | Build | Stable |
| 8:50 | Build | House |
| 8:51 | Build | House |
| 9:07 | Create | Villager (Male) |
| 9:07 | Create | Villager (Male) |
| 9:25 | Create | Spearman |
| 9:25 | Create | Spearman |
| 9:52 | Create | Scout Cavalry |
| 9:52 | Create | Scout Cavalry |
| 9:57 | Create | Villager (Male) |
| 10:01 | Create | Spearman |
| 10:28 | Build | Blacksmith |
| 10:34 | Build | Palisade Wall |
| 10:37 | Create | Villager (Male) |
| 10:44 | Build | Farm |
| 10:46 | Build | Farm |
| 10:48 | Create | Scout Cavalry |
| 11:08 | Create | Villager (Male) |
| 11:08 | Create | Villager (Male) |
| 11:17 | Create | Villager (Male) |
| 11:22 | Build | House |
| 11:23 | Build | House |
| 12:06 | Create | Scout Cavalry |
| 12:08 | Create | Villager (Male) |
| 12:08 | Create | Villager (Male) |
| 12:15 | Build | Farm |
| 12:21 | Build | Farm |
| 12:26 | Build | Farm |
| 12:38 | Create | Spearman |
| 12:55 | Build | Farm |
| 13:03 | Build | Palisade Wall |
| 13:07 | Build | Palisade Wall |
| 13:17 | Create | Villager (Male) |
| 13:18 | Create | Villager (Male) |
| 13:23 | Build | Farm |
| 13:48 | Create | Spearman |
| 14:07 | Create | Villager (Male) |
| 14:19 | Create | Villager (Male) |
| 15:11 | Create | Villager (Male) |
| 15:12 | Create | Villager (Male) |
| 15:12 | Create | Villager (Male) |
| 15:55 | Research | Castle Age |
| 16:39 | Create | Spearman |
| 17:44 | Build | House |
| 17:50 | Build | Stable |
| 18:07 | Build | Palisade Gate |
| 18:10 | Build | Farm |
| 18:18 | Research | Bloodlines |
| 18:25 | Research | Scale Barding Armor |
| 18:29 | Build | Farm |
| 18:33 | Build | Farm |
| 18:39 | Research | Gold Mining |
| 18:42 | Age | Castle Age |
| 18:50 | Build | Town Center |
| 19:09 | Create | Camel Scout |
| 19:09 | Create | Camel Scout |
| 19:25 | Build | Farm |
| 19:28 | Create | Villager (Male) |
| 19:29 | Create | Villager (Male) |
| 19:43 | Research | Husbandry |
| 20:10 | Create | Camel Scout |
| 20:10 | Create | Camel Scout |
| 20:12 | Create | Villager (Male) |
| 20:12 | Create | Villager (Male) |
| 20:12 | Create | Villager (Male) |
| 20:22 | Build | House |
| 20:26 | Build | Palisade Gate |
| 21:27 | Create | Steppe Lancer |
| 21:28 | Create | Camel Scout |
| 21:28 | Create | Camel Scout |
| 21:30 | Create | Villager (Male) |
| 21:30 | Create | Villager (Male) |
| 21:30 | Create | Villager (Male) |
| 22:14 | Research | Forging |
| 22:17 | Create | Camel Scout |
| 22:30 | Create | Camel Scout |
| 22:53 | Create | Villager (Male) |
| 22:55 | Create | Camel Scout |
| 23:02 | Build | Farm |
| 23:03 | Build | Farm |
| 23:11 | Build | Town Center |
| 23:21 | Build | House |
| 23:28 | Build | House |
| 23:39 | Create | Villager (Male) |
| 23:39 | Create | Villager (Male) |
| 23:51 | Create | Villager (Male) |
| 23:52 | Create | Villager (Male) |
| 23:52 | Create | Villager (Male) |
| 24:18 | Create | Villager (Male) |
| 24:19 | Create | Villager (Male) |
| 24:19 | Build | Farm |
| 24:56 | Create | Villager (Male) |
| 24:56 | Create | Villager (Male) |
| 25:02 | Create | Villager (Male) |
| 25:13 | Build | Farm |
| 25:14 | Build | Farm |
| 25:16 | Create | Villager (Male) |
| 25:16 | Create | Villager (Male) |
| 25:17 | Create | Villager (Male) |
| 25:46 | Create | Villager (Male) |
| 25:46 | Create | Villager (Male) |
| 25:51 | Build | Market |
| 25:57 | Create | Villager (Male) |
| 26:35 | Build | Monastery |
| 26:37 | Build | Farm |
| 26:41 | Create | Villager (Male) |
| 26:42 | Create | Villager (Male) |
| 26:42 | Create | Villager (Male) |
| 26:56 | Build | Farm |
| 26:57 | Build | Farm |
| 27:19 | Research | Chain Barding Armor |
| 27:20 | Create | Camel Scout |
| 27:21 | Create | Camel Scout |
| 27:21 | Create | Camel Scout |
| 27:21 | Create | Camel Scout |
| 27:24 | Create | Villager (Male) |
| 27:24 | Create | Villager (Male) |
Match timeline
| 5:01 | 鋼彈盪單槓 · wall_segment Palisade Wall x1 |
| 5:41 | Dadagama · first_building Barracks |
| 5:49 | 溪超没有溪 · wall_segment Palisade Wall x5 |
| 6:05 | 溪超没有溪 · wall_segment Palisade Wall x3 |
| 6:14 | Dadagama · wall_segment Palisade Wall x5 |
| 6:35 | Swizhfish26 · first_building Barracks |
| 6:42 | 溪超没有溪 · wall_segment Palisade Wall x4 |
| 6:45 | 溪超没有溪 · wall_segment Palisade Wall x8 |
| 7:01 | Arakkal Abu · first_building Barracks |
| 7:07 | Dadagama · wall_segment Palisade Wall x3 |
| 7:09 | Silver · first_building Barracks |
| 7:18 | 鋼彈盪單槓 · first_building Barracks |
| 7:18 | Dadagama · wall_segment Palisade Wall x9 |
| 7:23 | Dadagama · wall_segment Palisade Wall x6 |
| 7:25 | 543880365 · first_building Barracks |
| 7:25 | FruitCakeS · first_building Barracks |
| 7:34 | Silver · wall_segment Palisade Wall x1 |
| 7:34 | Silver · wall_segment Palisade Wall x1 |
| 7:40 | Silver · wall_segment Palisade Wall x1 |
| 7:41 | Silver · wall_segment Palisade Wall x1 |
| 7:41 | Silver · wall_segment Palisade Wall x1 |
| 7:42 | Silver · wall_segment Palisade Wall x1 |
| 7:42 | Silver · wall_segment Palisade Wall x1 |
| 7:43 | Silver · wall_segment Palisade Wall x1 |
| 7:58 | 543880365 · age_up feudal |
| 8:02 | FruitCakeS · wall_segment Palisade Wall x15 |
| 8:09 | FruitCakeS · wall_segment Palisade Wall x1 |
| 8:22 | 543880365 · first_building Stable |
| 8:28 | 543880365 · wall_segment Palisade Wall x1 |
| 8:31 | Dadagama · wall_segment Palisade Wall x1 |
| 8:31 | Dadagama · wall_segment Palisade Wall x1 |
| 8:35 | Arakkal Abu · age_up feudal |
| 8:37 | Swizhfish26 · first_building Stable |
| 8:40 | Silver · age_up feudal |
| 8:40 | 543880365 · wall_segment Palisade Wall x6 |
| 8:41 | FruitCakeS · wall_segment Palisade Wall x1 |
| 8:42 | Silver · first_building Archery Range |
| 8:47 | 鋼彈盪單槓 · age_up feudal |
| 8:47 | Arakkal Abu · first_building Stable |
| 8:51 | Silver · wall_segment Palisade Wall x1 |
| 8:58 | 鋼彈盪單槓 · wall_segment Stone Wall x9 |
| 9:02 | Dadagama · age_up feudal |
| 9:02 | 543880365 · wall_segment Palisade Wall x3 |
| 9:04 | Dadagama · first_building Stable |
| 9:15 | 543880365 · wall_segment Palisade Wall x10 |
| 9:17 | 鋼彈盪單槓 · wall_segment Stone Wall x9 |
| 9:18 | 鋼彈盪單槓 · wall_segment Stone Wall x6 |
| 9:26 | 溪超没有溪 · wall_segment Palisade Wall x5 |
| 9:30 | FruitCakeS · age_up feudal |
| 9:31 | 溪超没有溪 · wall_segment Palisade Wall x7 |
| 9:35 | Dadagama · wall_segment Palisade Wall x6 |
| 9:35 | FruitCakeS · first_building Stable |
| 9:36 | 溪超没有溪 · wall_segment Palisade Wall x4 |
| 9:39 | 543880365 · wall_segment Palisade Wall x8 |
| 9:41 | 鋼彈盪單槓 · wall_segment Stone Wall x1 |
| 9:49 | 543880365 · wall_segment Palisade Wall x13 |
| 9:52 | FruitCakeS · wall_segment Palisade Wall x4 |
| 9:56 | 溪超没有溪 · wall_segment Palisade Wall x9 |
| 10:20 | FruitCakeS · wall_segment Palisade Wall x9 |
| 10:23 | Dadagama · wall_segment Palisade Wall x13 |
| 10:34 | Arakkal Abu · wall_segment Palisade Wall x6 |
| 11:02 | 溪超没有溪 · age_up feudal |
| 11:05 | 鋼彈盪單槓 · wall_segment Stone Wall x1 |
| 11:07 | 543880365 · wall_segment Palisade Wall x11 |
| 11:33 | 543880365 · wall_segment Palisade Wall x9 |
| 11:51 | 鋼彈盪單槓 · wall_segment Stone Wall x15 |
| 11:52 | FruitCakeS · wall_segment Palisade Wall x4 |
| 12:01 | 543880365 · wall_segment Palisade Wall x8 |
| 12:36 | 溪超没有溪 · first_market_sell 100 food |
| 12:56 | 543880365 · wall_segment Palisade Wall x1 |
| 13:03 | Arakkal Abu · wall_segment Palisade Wall x4 |
| 13:07 | Arakkal Abu · wall_segment Palisade Wall x10 |
| 13:08 | 溪超没有溪 · wall_segment Palisade Wall x4 |
| 13:14 | Silver · wall_segment Palisade Wall x1 |
| 13:15 | FruitCakeS · wall_segment Palisade Wall x8 |
| 13:16 | Silver · wall_segment Palisade Wall x1 |
| 13:16 | Silver · wall_segment Palisade Wall x1 |
| 13:17 | Silver · wall_segment Palisade Wall x1 |
| 13:36 | Dadagama · wall_segment Palisade Wall x6 |
| 13:53 | Dadagama · wall_segment Palisade Wall x1 |
| 13:56 | Dadagama · wall_segment Palisade Wall x1 |
| 14:17 | 鋼彈盪單槓 · wall_segment Stone Wall x1 |
| 14:58 | 溪超没有溪 · wall_segment Palisade Wall x12 |
| 15:06 | Silver · wall_segment Palisade Wall x1 |
| 15:25 | Swizhfish26 · wall_segment Palisade Wall x12 |
| 15:29 | 溪超没有溪 · age_up castle |
| 15:45 | 543880365 · first_building Archery Range |
| 15:47 | 鋼彈盪單槓 · wall_segment Stone Wall x1 |
| 15:50 | 鋼彈盪單槓 · wall_segment Stone Wall x4 |
| 16:01 | 鋼彈盪單槓 · age_up castle |
| 16:37 | FruitCakeS · first_building Archery Range |
| 16:54 | 溪超没有溪 · wall_segment Palisade Wall x1 |
| 16:55 | 溪超没有溪 · wall_segment Palisade Wall x1 |
| 16:57 | 溪超没有溪 · wall_segment Palisade Wall x1 |
| 16:59 | 溪超没有溪 · wall_segment Palisade Wall x1 |
| 17:01 | 溪超没有溪 · wall_segment Palisade Wall x1 |
| 17:03 | 鋼彈盪單槓 · wall_segment Stone Wall x4 |
| 17:11 | 鋼彈盪單槓 · wall_segment Stone Wall x1 |
| 17:12 | 鋼彈盪單槓 · wall_segment Stone Wall x1 |
| 17:55 | 溪超没有溪 · first_building Barracks |
| 17:59 | Dadagama · wall_segment Palisade Wall x1 |
| 18:23 | 543880365 · age_up castle |
| 18:42 | Arakkal Abu · age_up castle |
| 19:48 | Dadagama · age_up castle |
| 19:49 | Swizhfish26 · wall_segment Palisade Wall x9 |
| 20:04 | FruitCakeS · first_market_buy 100 food |
| 20:33 | Silver · wall_segment Palisade Wall x1 |
| 20:56 | Silver · wall_segment Palisade Wall x1 |
| 21:11 | FruitCakeS · first_market_sell 100 wood |
| 21:28 | 溪超没有溪 · first_building Stable |
| 21:40 | 鋼彈盪單槓 · first_building Stable |
| 21:52 | 溪超没有溪 · wall_segment Stone Wall x2 |
| 21:58 | Swizhfish26 · first_building Monastery |
| 22:47 | 溪超没有溪 · first_building Monastery |
| 23:31 | Silver · age_up castle |
| 24:00 | Silver · wall_segment Palisade Wall x1 |
| 24:06 | 鋼彈盪單槓 · first_building Castle |
| 24:13 | FruitCakeS · age_up castle |
| 25:24 | 543880365 · first_building Siege Workshop |
| 25:38 | 溪超没有溪 · wall_segment Stone Wall x9 |
| 25:42 | 溪超没有溪 · first_building Siege Workshop |
| 25:45 | Dadagama · first_market_buy 100 stone |
| 25:58 | 溪超没有溪 · wall_segment Stone Wall x4 |
| 26:12 | Dadagama · first_building Castle |
| 26:33 | 溪超没有溪 · wall_segment Palisade Wall x1 |
| 26:35 | Arakkal Abu · first_building Monastery |
| 26:35 | 溪超没有溪 · wall_segment Palisade Wall x5 |
| 27:16 | Arakkal Abu · first_market_buy 100 food |
| 27:35 | 溪超没有溪 · wall_segment Stone Wall x1 |
| 27:36 | 溪超没有溪 · wall_segment Stone Wall x1 |
| 28:12 | 溪超没有溪 · wall_segment Stone Wall x1 |
| 28:14 | 溪超没有溪 · wall_segment Stone Wall x1 |
| 28:15 | 溪超没有溪 · wall_segment Stone Wall x1 |
| 28:16 | 溪超没有溪 · wall_segment Stone Wall x1 |
| 28:49 | Dadagama · first_building Monastery |
| 28:55 | 溪超没有溪 · first_market_buy 100 stone |
| 29:00 | 溪超没有溪 · wall_segment Stone Wall x1 |
| 29:01 | 溪超没有溪 · wall_segment Stone Wall x1 |
| 29:03 | 溪超没有溪 · wall_segment Stone Wall x1 |
| 29:03 | 溪超没有溪 · wall_segment Stone Wall x1 |
| 29:04 | 溪超没有溪 · wall_segment Stone Wall x1 |
| 29:36 | Silver · wall_segment Palisade Wall x1 |
| 29:40 | Silver · wall_segment Palisade Wall x1 |
| 29:57 | Silver · wall_segment Palisade Wall x1 |
| 30:06 | Silver · wall_segment Stone Wall x6 |
| 30:11 | Silver · wall_segment Stone Wall x1 |
| 30:12 | Silver · wall_segment Stone Wall x1 |
| 30:12 | Silver · wall_segment Stone Wall x1 |
| 31:46 | Silver · wall_segment Palisade Wall x1 |
| 32:26 | 鋼彈盪單槓 · first_building Archery Range |
| 33:09 | Swizhfish26 · first_building Castle |
| 34:00 | Arakkal Abu · first_building Castle |
| 34:07 | 鋼彈盪單槓 · age_up imperial |
| 34:08 | 溪超没有溪 · age_up imperial |
| 34:26 | 543880365 · age_up imperial |
| 34:30 | Silver · first_building Stable |
| 34:35 | Silver · first_building Castle |
| 34:41 | FruitCakeS · first_building Castle |
| 34:48 | 543880365 · first_building Castle |
| 35:19 | 溪超没有溪 · wall_segment Stone Wall x6 |
| 35:20 | 溪超没有溪 · wall_segment Stone Wall x1 |
| 35:46 | 溪超没有溪 · first_building Castle |
| 36:58 | Silver · wall_segment Stone Wall x1 |
| 39:04 | 溪超没有溪 · wall_segment Stone Wall x4 |
| 39:42 | Silver · first_market_buy 100 stone |
| 39:46 | Silver · first_market_sell 100 food |
| 39:51 | Dadagama · age_up imperial |
| 40:37 | Silver · wall_segment Palisade Wall x1 |
| 40:46 | Silver · wall_segment Palisade Wall x1 |
| 40:55 | Silver · wall_segment Palisade Wall x1 |
| 41:34 | Silver · age_up imperial |
| 43:04 | Swizhfish26 · first_market_sell 500 wood |
| 43:37 | Dadagama · first_market_sell 500 stone |
| 43:37 | FruitCakeS · wall_segment Stone Wall x2 |
| 43:52 | 溪超没有溪 · first_building Archery Range |
| 45:03 | Silver · wall_segment Stone Wall x1 |
| 45:03 | Silver · wall_segment Stone Wall x1 |
| 45:04 | Silver · wall_segment Stone Wall x1 |
| 45:17 | Silver · wall_segment Stone Wall x1 |
| 45:19 | Silver · wall_segment Stone Wall x1 |
| 45:20 | Silver · wall_segment Stone Wall x1 |
| 45:20 | Silver · wall_segment Stone Wall x1 |
| 45:21 | Silver · wall_segment Stone Wall x1 |
| 45:21 | Silver · wall_segment Stone Wall x1 |
| 45:23 | Silver · wall_segment Stone Wall x1 |
| 45:23 | Silver · wall_segment Stone Wall x2 |
| 45:24 | Silver · wall_segment Stone Wall x1 |
| 45:24 | Silver · wall_segment Stone Wall x1 |
| 45:25 | Silver · wall_segment Stone Wall x1 |
| 45:26 | Silver · wall_segment Stone Wall x1 |
| 45:26 | Silver · wall_segment Stone Wall x1 |
| 45:44 | FruitCakeS · wall_segment Stone Wall x18 |
| 45:47 | 鋼彈盪單槓 · resign |
[ AI ANALYSIS · 1 CREDIT ]
What really happened in this match?
Wolo.gg analyzes every decision: build order, eco, micro, common mistakes by bracket. Personalized analysis on WhatsApp or Discord in 30 seconds.
Civ guide
Wei
Perfil
Silver